Map: Dash and Terminal LE (Void)

Players

Lowko

  • Race: Zerg Zerg
  • League: Diamond

Briik - Winner!

  • Race: Zerg Zerg
  • League: Diamond

VOD

Have the link to the VOD?

Description

Time

  • Played on: Sept. 16, 2015, 1:46 p.m.
  • Length: 2:34
Show
View Real Time Build Order
Export as new Build Order

Lowko Zerg 

Build Orders: Hatch First 

Get SALT Encoding   

  12  0:01  Drone  
  13  0:12  Overlord  
  13  0:18  Drone  
  14  0:32  Drone x2  
  16  0:37  Drone  
  17  0:54  Hatchery  
  16  0:57  Drone  
  16  1:01  Drone  
  18  1:06  Extractor  
  17  1:16  Spawning Pool  
  16  1:19  Drone  
  16  1:24  Drone  
  18  1:35  Drone  
  19  1:43  Overlord  
  19  2:03  Zergling x4  
  19  2:07  Zergling x2  
  17  2:15  Zergling x2  
Show
View Real Time Build Order
Export as new Build Order

Briik Zerg - Winner!

Build Orders: Pool Only 

Get SALT Encoding   

  12  0:18  Spawning Pool  
  11  0:22  Drone  
  11  0:26  Drone  
  13  0:35  Overlord  
  13  1:05  Zergling x6  
  16  1:16  Zergling x2  
  17  1:29  Zergling x2  
  18  1:42  Zergling x2  
  19  1:51  Zergling x2  
  16  2:10  Zergling x4  
  18  2:22  Spine Crawler  
Tags
 
Add a new tag
Caveats
  • Supply blocks, unpowered buildings, or Contaminate may cause inaccurate times.
  • Supply counts are checked every 10 seconds.